Map: Acid Plant LE

Players

Misery - Winner!

  • Race: Terran Terran
  • League: Master
  • Spawn Location: 11:00

IIIIIIIIIII

  • Race: Zerg Zerg
  • League: Diamond
  • Spawn Location: 5:00

VOD

Have the link to the VOD?

Description

Time

  • Played on: Sept. 15, 2018, 12:43 p.m.
  • Length: 21:17
Show
View Real Time Build Order
Export as new Build Order

Misery Terran - Winner!

Build Orders: Mech 

Get SALT Encoding   

  12  0:01  SCV  
  13  0:13  SCV  
  14  0:17  Supply Depot  
  14  0:25  SCV  
  15  0:39  Barracks  
  15  0:42  SCV  
  16  0:54  SCV  
  17  1:06  SCV  
  19  1:18  SCV  
  19  1:26  Marine  
  19  1:31  Orbital Command  
  20  1:39  Command Center  
  20  1:44  Marine  
  21  1:47  Supply Depot  
  21  1:50  Refinery  
  21  1:53  Refinery  
  21  1:58  SCV  
  22  2:07  Marine  
  23  2:22  SCV  
  24  2:24  Marine  
  25  2:34  SCV  
  26  2:42  Bunker  
  26  2:44  Barracks Reactor  
  26  2:46  SCV  
  26  2:49  Factory  
  27  3:01  SCV  
  27  3:03  Orbital Command  
  28  3:13  SCV  
  29  3:26  SCV  
  30  3:30  SCV  
  31  3:35  Starport  
  31  3:37  Barracks Tech Lab  
  31  3:38  SCV  
  36  3:41  Hellion x2  
  36  3:44  Engineering Bay, SCV  
  37  3:51  SCV  
  38  3:56  SCV  
  38  3:57  Supply Depot  
  39  4:04  SCV  
  39  4:07  Hellion x2  
  44  4:14  SCV  
  44  4:15  Fusion Core  
  44  4:16  SCV  
  46  4:21  Viking  
  46  4:23  Refinery  
  48  4:25  Refinery  
  48  4:26  SCV  
  48  4:35  Hellion x2  
  48  4:37  SCV  
  53  4:38  SCV  
  53  4:40  Supply Depot  
  53  4:41  Supply Depot  
  54  4:46  Supply Depot  
  54  4:47  Supply Depot  
  54  5:01  SCV x2  
  54  5:05  Command Center  
  56  5:13  SCV  
  56  5:14  SCV  
  58  5:26  SCV  
  57  5:41  Hellion x2  
  57  5:42  Battlecruiser  
  65  5:46  SCV x2  
  65  5:51  Supply Depot  
  65  5:53  Weapon Refit  
  65  5:54  Supply Depot x2  
  63  5:58  SCV  
  63  5:59  SCV  
  65  6:05  Supply Depot  
  65  6:08  Hellion x2  
  65  6:10  SCV  
  65  6:11  SCV  
  71  6:17  Factory x2  
  71  6:23  SCV x2  
  77  6:33  Hellion x2  
  77  6:35  Orbital Command  
  77  6:39  Supply Depot  
  77  6:40  Supply Depot  
  77  6:44  SCV x2  
  79  6:54  Battlecruiser  
  85  7:06  Factory Tech Lab x2  
  85  7:07  Hellion x2  
  89  7:22  Orbital Command, SCV x2  
  91  7:26  Siege Tank x2  
  91  7:28  Hellion  
  91  7:29  Hellion  
  97  7:47  SCV  
  97  7:48  SCV  
  95  7:53  SCV  
  95  7:57  Supply Depot  
  96  7:59  Supply Depot  
  96  8:00  SCV  
  96  8:02  Siege Tank  
  96  8:03  Siege Tank  
  96  8:04  Infernal Pre-Igniter  
  103  8:06  Refinery, Command Center  
  103  8:07  SCV x2  
  103  8:11  Refinery, Hellion x2  
  109  8:13  Missile Turret  
  109  8:15  Missile Turret  
  109  8:24  Armory  
  109  8:27  SCV x2  
  111  8:35  SCV  
  111  8:39  SCV  
  109  8:46  Hellion  
  109  8:47  Hellion x2  
  111  8:52  Missile Turret x3  
  111  8:54  Missile Turret  
  111  8:55  Missile Turret x2  
  103  9:11  Thor x2  
  103  9:12  Hellion x2  
  103  9:15  Terran Vehicle Weapons Level 1  
  120  9:17  Armory, SCV x3  
  122  9:30  Battlecruiser  
  128  9:31  SCV x2  
  128  9:32  Missile Turret x2, SCV  
  128  9:33  Missile Turret  
  130  9:56  Thor x2  
  130  9:57  Hellion x2  
  146  10:00  SCV x3  
  146  10:04  Missile Turret  
  145  10:13  Terran Vehicle And Ship Armor Level 1  
  135  10:30  Missile Turret, SCV x3  
  135  10:31  Missile Turret  
  135  10:34  Hellion x2  
  135  10:35  Missile Turret  
  142  10:40  Factory  
  142  10:41  Factory  
  142  10:43  Planetary Fortress, Factory  
  142  10:45  Hellbat  
  142  10:46  Hellion  
  142  10:47  SCV x2  
  148  10:58  Supply Depot x2  
  148  11:09  SCV x2  
  150  11:11  Refinery, Thor, Hellion  
  150  11:12  Hellion  
  150  11:13  Refinery  
  150  11:16  Terran Vehicle Weapons Level 2  
  160  11:26  Missile Turret  
  160  11:27  Siege Tank  
  160  11:28  Factory Tech Lab, Hellion x2  
  167  11:53  SCV x2, Viking  
  171  11:55  Siege Tank, Factory Tech Lab x2  
  171  11:56  Hellion x2  
  178  12:04  Siege Tank, Thor  
  187  12:17  Hellion x2  
  191  12:27  Siege Tank  
  191  12:28  Command Center  
  191  12:29  Command Center  
  194  12:35  SCV x2  
  196  12:40  Supply Depot x2  
  196  12:41  Supply Depot  
  196  12:57  Hellion  
  196  12:58  Hellion  
  196  13:01  Siege Tank x2  
  196  13:02  Siege Tank  
  191  13:17  Missile Turret  
  191  13:19  Thor  
  191  13:21  Terran Vehicle And Ship Armor Level 2  
  197  13:38  Terran Vehicle Weapons Level 3  
  197  14:07  Hellion  
  193  14:20  Command Center  
  193  14:23  Command Center  
  128  14:51  Siege Tank x2, Hellion x3  
  128  14:52  Siege Tank  
  143  14:58  Hellion  
  143  14:59  Battlecruiser  
  136  15:08  SCV  
  136  15:13  Hellion  
  139  15:16  Hellion x2  
  139  15:19  Hellion  
  145  15:32  Hellion x3  
  145  15:34  Hellion  
  153  15:37  Hellion  
  155  15:48  Thor x2  
  165  15:53  Thor  
  165  15:57  Thor x2  
  179  16:06  Battlecruiser  
  179  16:08  Hellion x2  
  185  16:26  Terran Vehicle And Ship Armor Level 3  
  185  16:27  Terran Ship Weapons Level 1  
  185  16:29  Hellion x2  
  189  16:51  Refinery  
  189  16:54  Refinery, Siege Tank, Hellion x3  
  175  16:55  Thor x2  
  192  17:05  Thor  
  192  17:07  Planetary Fortress  
  198  17:18  Hellion  
  165  17:46  Thor, Hellion  
  165  17:47  Thor x2, Hellbat, Hellion x2  
  165  17:48  Battlecruiser  
  161  18:04  SCV  
  161  18:05  SCV x2  
  158  18:21  Thor, Hellion  
  158  18:22  Hellion x2  
  170  18:29  Thor x2  
  182  18:34  Liberator  
  176  18:44  Siege Tank x2  
  176  18:45  Hellion x2  
  180  18:49  Planetary Fortress  
  183  19:05  Hellion  
  185  19:13  Refinery  
  185  19:16  Refinery  
  185  19:28  Missile Turret  
  185  19:29  Missile Turret  
  185  19:30  Thor x2  
  199  19:31  Missile Turret, Hellion  
  165  19:48  Command Center  
  146  19:55  Siege Tank x2  
  146  19:56  Hellion x3  
  133  20:14  Hellion x2  
  137  20:29  Hellion  
  137  20:30  Hellion x3  
  130  20:52  Hellion x2  
Show
View Real Time Build Order
Export as new Build Order

IIIIIIIIIII Zerg 

Build Orders: Hatch First, Muta Ling Bane 

Get SALT Encoding   

  12  0:01  Drone  
  13  0:13  Overlord  
  13  0:19  Drone  
  14  0:32  Drone x2  
  16  0:42  Drone  
  17  0:53  Hatchery  
  16  0:57  Drone  
  16  1:00  Drone  
  18  1:10  Extractor  
  17  1:15  Spawning Pool  
  16  1:26  Overlord  
  16  1:34  Drone x2  
  18  2:05  Queen x2  
  22  2:14  Drone  
  22  2:15  Metabolic Boost  
  23  2:17  Zergling x4  
  23  2:18  Zergling x2  
  23  2:19  Zergling x2  
  27  2:25  Drone  
  27  2:26  Drone  
  29  2:36  Zergling x2  
  30  2:41  Overlord  
  30  2:52  Drone  
  30  2:53  Drone  
  32  2:58  Overlord  
  32  3:04  Zergling x2  
  33  3:13  Zergling x4  
  33  3:18  Drone x3  
  33  3:19  Drone  
  39  3:20  Drone x2  
  39  3:21  Drone  
  42  3:34  Drone  
  42  3:35  Drone  
  44  3:48  Hatchery  
  43  3:49  Drone  
  43  3:50  Overlord x2  
  44  3:56  Overlord  
  44  4:04  Evolution Chamber x2  
  44  4:05  Drone x2  
  44  4:10  Queen  
  44  4:12  Queen  
  48  4:24  Zergling x12  
  48  4:27  Zergling x2  
  55  4:35  Drone  
  55  4:36  Drone x4  
  60  4:39  Zerg Melee Weapons Level 1  
  60  4:48  Extractor  
  59  4:55  Zerg Ground Armor Level 1  
  59  4:56  Lair  
  53  5:40  Queen  
  53  5:42  Drone  
  53  5:43  Drone x5  
  53  5:49  Baneling Nest  
  56  6:03  Drone x7  
  63  6:04  Overlord  
  63  6:05  Overlord x3  
  63  6:07  Pneumatized Carapace  
  63  6:12  Spire, Extractor  
  63  6:14  Extractor  
  60  6:21  Overlord x3  
  59  6:27  Extractor  
  59  6:30  Hatchery  
  56  6:34  Extractor  
  55  6:41  Drone  
  55  6:42  Drone x4  
  55  6:43  Drone x2  
  55  6:44  Centrifical Hooks  
  55  6:47  Zerg Melee Weapons Level 2  
  62  6:49  Drone  
  62  6:50  Drone x3  
  66  6:59  Spore Crawler  
  60  7:15  Drone x5  
  60  7:32  Mutalisk x4  
  65  7:46  Drone x3  
  65  7:48  Drone x3  
  71  7:55  Mutalisk x2  
  71  7:56  Mutalisk, Zergling x4  
  71  7:57  Zergling x6  
  82  8:05  Mutalisk  
  82  8:11  Overseer  
  84  8:17  Zergling x18  
  93  8:21  Drone x2  
  93  8:22  Drone  
  93  8:23  Infestation Pit  
  95  8:27  Drone  
  96  8:34  Drone x2  
  96  8:35  Extractor, Drone  
  93  9:07  Queen  
  93  9:12  Zergling x22  
  93  9:14  Hive  
  93  9:15  Zerg Ground Armor Level 2  
  104  9:19  Overlord  
  104  9:20  Overlord x3  
  104  9:24  Extractor  
  104  9:25  Drone  
  104  9:27  Overlord  
  104  9:28  Overlord x2  
  83  9:57  Mutalisk x2  
  83  9:58  Mutalisk x6, Zergling x6  
  83  9:59  Zergling x6  
  100  10:16  Zergling x32  
  100  10:18  Zerg Flyer Weapons Level 1  
  116  10:24  Spire  
  116  10:26  Ultralisk Cavern  
  116  10:28  Zerg Melee Weapons Level 3  
  114  10:33  Adrenal Glands  
  114  10:43  Drone x4  
  114  10:44  Drone  
  114  10:45  Drone  
  114  10:46  Drone  
  114  10:48  Drone  
  114  10:49  Drone  
  123  11:09  Baneling  
  123  11:10  Baneling x4  
  123  11:11  Baneling x8  
  123  11:12  Baneling  
  123  11:13  Drone x3  
  123  11:14  Drone x4  
  123  11:17  Chitinous Plating  
  130  11:22  Overlord x2  
  130  11:31  Drone x2  
  124  11:44  Mutalisk  
  124  11:45  Mutalisk x8  
  126  12:03  Corruptor x4, Zerg Flyer Armor Level 1  
  126  12:04  Corruptor  
  126  12:07  Corruptor  
  132  12:21  Corruptor x3  
  132  12:22  Corruptor  
  140  12:25  Baneling  
  140  12:35  Ultralisk  
  146  12:42  Ultralisk  
  137  13:16  Ultralisk  
  137  13:17  Ultralisk x2  
  137  13:19  Zergling x24  
  167  13:21  Extractor, Hatchery  
  167  13:23  Extractor  
  164  13:34  Overlord x4  
  164  13:37  Zerg Flyer Weapons Level 2  
  164  13:56  Zergling x8, Ultralisk x3  
  164  13:57  Zergling x6  
  189  14:16  Overlord x3  
  189  14:17  Overlord x6  
  189  14:18  Overlord  
  137  14:33  Zergling x26  
  137  14:35  Zergling x2  
  135  14:40  Zergling x10  
  135  14:42  Zergling x4  
  135  14:44  Zergling x4  
  132  14:49  Zergling x8  
  130  14:55  Zergling x4  
  124  15:10  Drone x3  
  124  15:11  Drone x2  
  124  15:12  Drone  
  130  15:16  Zerg Ground Armor Level 3  
  130  15:20  Greater Spire  
  130  15:29  Baneling x3  
  130  15:30  Baneling x3  
  130  15:32  Corruptor x2  
  130  15:33  Corruptor  
  119  15:50  Mutalisk x4  
  119  15:51  Zergling x6, Ultralisk x2  
  140  16:05  Ultralisk  
  140  16:06  Zergling x4, Ultralisk  
  152  16:12  Mutalisk x2, Zergling x2  
  152  16:13  Zergling x4  
  159  16:32  Brood Lord x5  
  169  16:35  Brood Lord  
  169  16:38  Corruptor  
  172  16:52  Drone x4  
  172  16:53  Drone x5  
  173  17:04  Ultralisk  
  173  17:05  Ultralisk  
  173  17:06  Zergling x2  
  164  17:42  Mutalisk x3  
  164  17:43  Zergling x48  
  194  17:47  Brood Lord  
  182  18:05  Mutalisk x5  
  174  18:06  Mutalisk x2, Zergling x4  
  174  18:07  Zergling x4  
  186  18:21  Mutalisk x3  
  186  18:22  Mutalisk x3  
  186  18:24  Zergling x2  
  186  18:25  Zergling x2  
  188  18:43  Corruptor x3  
  188  18:44  Corruptor x2  
  188  18:45  Zergling x2  
  194  19:09  Corruptor x2  
  198  19:24  Overlord x2  
  198  19:28  Brood Lord  
  140  19:57  Ultralisk  
  140  19:58  Ultralisk x6  
  152  20:06  Zergling x16  
  142  20:08  Zergling x2  
  142  20:09  Zergling x4  
  145  20:18  Zergling x12  
  146  20:29  Zergling x16  
  146  20:33  Zergling x6  
  148  20:38  Zergling x2  
  148  20:41  Zergling x8  
  135  20:50  Zergling x2  
  135  20:52  Zergling x8  
Tags
 
Add a new tag
Caveats
  • Supply blocks, unpowered buildings, or Contaminate may cause inaccurate times.
  • Supply counts are checked every 10 seconds.